AoeStats
← 玩印度的哥们硬不起来

Lombardia

509107123Analyzed
4v4 RM · 6d ago on Sep 25, 2026· 49m 0s· 8 players
Game mode
Random Map
Map size
Large (8 player)
Population
200
Speed
Normal
Resources
Standard
Victory
Conquest
Starting age
Dark Age
Ending age
Imperial Age
RankedLock teamsTeams togetherTeam positionsShared explorationLock speedFull tech treeHidden civsTurbo modeCheats
Victory
Defeat
🇨🇳 Mongols · China
1546
+16
🇹🇼 Franks · Taiwan
1543
+16
🇦🇷 Goths · Argentina
1525
+17
1406
+22
🇨🇦 Portuguese · Canada
1625
-21
🇩🇪 Varangians · Germany
1580
-19
🇺🇸 Dravidians · United States
1530
-17
🇦🇺 Goths · Australia
1459
-14
Jhih
11:05 Feudal Age
14:54 Castle Age
15:41 Wheelbarrow
14:55 Double-Bit Axe
15:54 Bow Saw
22:19 Gold Mining
24:37 Hand Cart
25:17 Gold Shaft Mining
25:19 Stone Mining
25:16 Loom
29:40 Imperial Age
28:24 Scale Barding Armor
28:30 Forging
29:36 Chain Barding Armor
29:19 Husbandry
30:31 Iron Casting
30:03 Town Watch
29:45 Cavalier
30:47 Conscription
32:12 Plate Barding Armor
31:10 Paladin
33:35 Blast Furnace
32:37 Chivalry
32:40 Town Patrol
32:52 Light Cavalry
35:13 Caravan
42:00 Fletching
42:31 Ballistics
41:52 Treadmill Crane
42:22 Masonry
43:07 Bodkin Arrow
玩印度的哥们硬不起来
7:26 Loom
9:41 Feudal Age
10:18 Double-Bit Axe
10:28 Horse Collar
19:01 Wheelbarrow
21:13 Castle Age
23:08 Bow Saw
23:02 Heavy Plow
25:49 Stone Mining
27:15 Hand Cart
27:14 Gold Mining
34:25 Imperial Age
32:06 Husbandry
33:04 Caravan
34:09 Scale Barding Armor
34:17 Bloodlines
36:15 Chain Barding Armor
35:56 Elite Ballista Elephant
37:40 Chemistry
37:34 Plate Barding Armor
37:15 Siege Engineers
38:29 Double Crossbow
39:22 Conscription
42:48 Crop Rotation
42:10 Capped Ram
44:42 Ballistics
44:33 Masonry
43:47 Siege Ram
[QHB] Tony
5:07 Loom
7:27 Feudal Age
8:50 Double-Bit Axe
13:29 Horse Collar
19:23 Castle Age
19:38 Wheelbarrow
20:30 Bow Saw
20:22 Heavy Plow
21:46 Town Watch
27:19 Gold Mining
27:19 Stone Mining
30:33 Fortified Wall
32:59 Imperial Age
32:14 Ballistics
31:57 Fletching
34:03 Bloodlines
33:54 Husbandry
34:59 Thumb Ring
35:20 Parthian Tactics
38:40 Capped Ram
41:16 Gold Shaft Mining
41:16 Stone Shaft Mining
40:43 Elite Mangudai
42:04 Bodkin Arrow
42:09 Padded Archer Armor
43:01 Light Cavalry
43:44 Bracer
44:26 Hussar
46:52 Chemistry
46:02 Masonry
46:22 Hand Cart
46:07 Town Patrol
[QHB]Hammer warriors
8:09 Loom
11:06 Feudal Age
11:08 Man-at-Arms
12:04 Double-Bit Axe
13:53 Horse Collar
18:02 Castle Age
19:07 Bow Saw
18:58 Heavy Plow
26:03 Wheelbarrow
29:00 Scale Mail Armor
29:10 Forging
29:38 Hand Cart
29:15 Pikeman
29:56 Squires
30:57 Chain Mail Armor
31:17 Iron Casting
33:47 Imperial Age
31:20 Long Swordsman
32:18 Gold Mining
33:50 Two-Handed Swordsman
35:36 Blast Furnace
34:25 Capped Ram
35:21 Champion
35:42 Halberdier
37:18 Perfusion
37:38 Conscription
39:47 Two-Man Saw
40:28 Chemistry
43:35 Crop Rotation
47:06 Onager
Benitto Burrito
5:39 Loom
12:32 Feudal Age
17:18 Castle Age
17:24 Double-Bit Axe
17:43 Horse Collar
20:08 Town Watch
22:14 Fletching
25:53 Circumnavigation
27:16 Wheelbarrow
30:58 Imperial Age
29:52 Hand Cart
29:34 Stone Mining
29:36 Gold Mining
30:01 Caravan
30:41 Town Patrol
32:17 Fortified Wall
33:45 Chemistry
33:52 Bodkin Arrow
36:18 Conscription
37:15 Arquebus
37:55 Bombard Tower
39:56 Pikeman
43:14 Siege Engineers
43:30 Ballistics
43:21 Masonry
brendansexson
8:39 Loom
10:29 Feudal Age
15:03 Castle Age
16:18 Double-Bit Axe
20:40 Bow Saw
22:21 Wheelbarrow
21:36 Town Watch
23:03 Fletching
23:13 Padded Archer Armor
24:40 Gold Mining
25:28 Bodkin Arrow
25:53 Horse Collar
26:35 Husbandry
29:25 Ballistics
29:24 Leather Archer Armor
32:44 Thumb Ring
33:39 Heavy Plow
40:34 Imperial Age
41:28 Bracer
41:59 Ring Archer Armor
41:04 Elite Elephant Archer
42:59 Chemistry
42:40 Ring Archer Armor
46:02 Caravan
46:46 Hand Cart
EatEaty
6:59 Loom
9:09 Feudal Age
9:53 Double-Bit Axe
10:53 Horse Collar
19:45 Castle Age
18:32 Stone Mining
21:06 Bow Saw
22:09 Gold Mining
23:25 Scale Barding Armor
23:30 Forging
24:15 Bloodlines
24:05 Husbandry
27:59 Husbandry
31:23 Wheelbarrow
30:34 Town Watch
34:00 Iron Casting
36:55 Imperial Age
34:42 Hand Cart
35:15 Chain Barding Armor
37:08 Ballistics
38:14 Plate Barding Armor
38:15 Iron Casting
39:05 Iron Casting
39:20 Conscription
38:32 Elite Jarl
39:32 Conscription
40:07 Stone Shaft Mining
40:14 Conscription
40:06 Town Watch
42:30 Blast Furnace
41:20 Fletching
42:00 Caravan
42:39 Elite Varangian Guard
43:19 Squires
43:21 Scale Mail Armor
48:14 Masonry
Soma
11:29 Feudal Age
12:20 Double-Bit Axe
15:02 Castle Age
13:03 Horse Collar
16:36 Bow Saw
19:58 Loom
21:42 Wheelbarrow
21:51 Town Watch
22:25 Bloodlines
22:16 Husbandry
23:59 Hand Cart
23:50 Heavy Plow
24:57 Gold Mining
26:59 Stone Mining
31:37 Imperial Age
29:10 Scale Mail Armor
29:21 Forging
30:23 Chain Mail Armor
30:10 Squires
31:07 Iron Casting
29:53 Man-at-Arms
30:36 Pikeman
30:38 Long Swordsman
31:48 Caravan
31:38 Two-Handed Swordsman
31:40 Halberdier
32:35 Champion
34:49 Conscription
35:41 Perfusion
39:05 Blast Furnace
48:21 Coinage
Connection lost

Rejoining the realm…

Still unreachable

The connection could not be restored.

Session expired

The server has moved on; the page needs a fresh start.